 Dungeon Crawl Stone Soup version 0.27.1-33-g824d729ab1 (webtiles) character file.

Game seed: 128789586296212083

854 safid the Chopper (level 8, -10/68 HPs)
             Began as a Hill Orc Fighter on Dec 20, 2021.
             Mangled by a two-headed ogre (13 damage)
             ... on level 5 of the Dungeon.
             The game lasted 00:10:21 (4796 turns).

safid the Chopper (Hill Orc Fighter)                Turns: 4796, Time: 00:10:21

Health: -10/68     AC: 14    Str: 21    XL:     8   Next: 1%
Magic:  8/8        EV:  4    Int:  8    God:
Gold:   188        SH: 10    Dex: 10    Spells: 7/7 levels left

rFire    . . .     SeeInvis .   a - +0 war axe
rCold    . . .     Faith    .   c - +0 kite shield
rNeg     . . .     Spirit   .   m - +0 plate armour
rPois    .         Reflect  .   (no helmet)
rElec    .         Harm     .   k - +0 cloak
rCorr    +         Rampage  .   i - +0 pair of gloves
Will     .....                  (no boots)
Stlth    ..........             (no amulet)
HPRegen  0.21/turn              g - ring of resist corrosion
MPRegen  0.11/turn              (no ring)

@: no status effects
A: no striking features
a: no special abilities


You were on level 5 of the Dungeon.
You visited 1 branch of the dungeon, and saw 5 of its levels.
You also visited: Ossuary.

You collected 253 gold pieces.
You spent 65 gold pieces at shops.

Inventory:

Hand Weapons
 a - a +0 war axe (weapon)
 u - a +3 vorpal hand axe
Missiles
 h - 39 poisoned darts (quivered)
 w - 7 silver boomerangs
Armour
 c - a +0 kite shield (worn)
 i - a +0 pair of gloves (worn)
 k - a +0 cloak (worn)
 m - a +0 plate armour (worn)
 t - a +0 tower shield
Jewellery
 g - a ring of resist corrosion (left hand)
 v - a ring of ice
Wands
 n - a wand of acid (12)
 p - a wand of charming (9)
Scrolls
 b - a scroll of fear
 e - a scroll of holy word
 f - 2 scrolls of enchant weapon
 o - a scroll of enchant armour
 r - 5 scrolls of brand weapon
 s - 4 scrolls of teleportation
 x - a scroll of magic mapping
Potions
 d - 2 potions of might
 j - 2 potions of mutation {unknown}
 l - 3 potions of flight
 q - a potion of degeneration {unknown}
 z - 3 potions of heal wounds {unknown}
 A - a potion of ambrosia {unknown}
 B - a potion of curing {unknown}


   Skills:
 - Level 5.0 Fighting
 + Level 7.3 Axes
 - Level 5.0 Armour
 + Level 6.7 Shields


You had 7 spell levels left.
You didn't know any spells.
Your spell library contained the following spells:

 Spells                   Type           Power      Damage    Failure   Level
 Corona                   Hex            0%         N/A       100%        1
 Foxfire                  Conj/Fire      0%         2x1d4     100%        1
 Ensorcelled Hibernation  Hex/Ice        0%         N/A       100%        2
 Conjure Flame            Conj/Fire      0%         6-21      100%        3
 Inner Flame              Hex/Fire       0%         N/A       100%        3
 Tukima's Dance           Hex            0%         N/A       100%        3


Dungeon Overview and Level Annotations

Branches:
Dungeon (5/15)            Ossuary (visited)
 Temple: D:4-7

Altars:
Okawaru
Sif Muna
Uskayaw

Shops:
D:3 *


Message History

You throw a poisoned dart.
The poisoned dart barely misses the two-headed ogre.
Throw: 42 darts (poison)
Press: ? - help, Q - select action, (/) - cycle Shift-Dir - straight line, f/p - two-headed ogre
Aim: a two-headed ogre, wielding a +0 dire flail and a +0 giant club (72% to hit)
You throw a poisoned dart.
The poisoned dart hits the two-headed ogre.
The two-headed ogre is poisoned.
Throw: 41 darts (poison)
Press: ? - help, Q - select action, (/) - cycle Shift-Dir - straight line, f/p - two-headed ogre
Aim: a two-headed ogre, wielding a +0 dire flail and a +0 giant club (poisoned, 73% to hit)
You throw a poisoned dart.
The poisoned dart hits the two-headed ogre.
The two-headed ogre looks even sicker.
Throw: 40 darts (poison)
Press: ? - help, Q - select action, (/) - cycle Shift-Dir - straight line, f/p - two-headed ogre
Aim: a two-headed ogre, wielding a +0 dire flail and a +0 giant club (lightly wounded, very poisoned, 73% to hit)
You throw a poisoned dart.
The poisoned dart hits the two-headed ogre.
The two-headed ogre is lightly wounded.
You slash the two-headed ogre!
The two-headed ogre is moderately wounded.
The two-headed ogre hits you with a +0 dire flail!!
The two-headed ogre barely misses you.
Unknown command.
You hit the two-headed ogre but do no damage.
The two-headed ogre is moderately wounded.
The two-headed ogre hits you with a +0 dire flail!
The two-headed ogre hits you with a +0 giant club!!
Unknown command.
You hit the two-headed ogre.
The two-headed ogre is moderately wounded.
The two-headed ogre hits you with a +0 dire flail!
* * * LOW HITPOINT WARNING * * *
The two-headed ogre hits you with a +0 giant club!
* * * LOW HITPOINT WARNING * * *
Unknown command.
The two-headed ogre looks more healthy.
The two-headed ogre hits you with a +0 dire flail!
You die...

...#
#...........##
..##
#..####.....#
.## #..#
##....## .#
##..# ##....##
.# #.)##
##.....## .#
##..#
##.......### .#
##..##
##..........#
.# ##..##
#...#####...#
.# ##.####
##@## ##..# ##
##..# #.8 #O#
##.# ..##..##
#.._ #.# #.#
...#### #.8..
#.# ### ....#
#...'#.#+ .....
#...# .....
.......⌠.......
.....
.#####.(.#####.
..... '#(#'


You could see a two-headed ogre.

Vanquished Creatures
  An elf zombie (Ossuary)
  2 scorpions
  9 centaur zombies (Ossuary)
  A hound (D:4)
  2 human zombies (Ossuary)
  A centaur skeleton (D:5)
  An iguana (D:4)
  2 orc wizards (D:4)
  A hound skeleton (D:5)
  3 mummies (Ossuary)
  3 gnolls (D:3)
  A howler monkey skeleton (D:4)
  4 adders
  A worm zombie (D:4)
  A worm (D:2)
  4 orcs
  7 ball pythons
  4 bats
  3 endoplasms
  2 giant cockroaches (D:1)
  3 hobgoblins (D:4)
  2 jackals (D:4)
  A quokka (D:1)
  4 frilled lizards
  6 goblins
  9 kobolds
  3 rats
81 creatures vanquished.

Notes
Turn   | Place    | Note
-------+----------+-------------------------------------------
     0 | D:1      | safid the Hill Orc Fighter began the quest for the Orb.
     0 | D:1      | Reached XP level 1. HP: 19/19 MP: 1/1
   247 | D:1      | Found a faded altar of an unknown god.
   253 | D:1      | Reached XP level 2. HP: 27/27 MP: 2/2
   255 | D:1      | Reached skill level 3 in Axes
   892 | D:2      | Reached XP level 3. HP: 27/33 MP: 3/3
  1742 | D:3      | Found Wapsughago's General Store.
  1751 | D:3      | Bought a scroll of teleportation for 39 gold pieces
  1751 | D:3      | Bought a scroll of identify for 26 gold pieces
  1913 | D:3      | Reached XP level 4. HP: 29/40 MP: 4/4
  2011 | D:3      | Noticed a scorpion
  2019 | D:3      | Killed a scorpion
  2020 | D:3      | Reached skill level 4 in Axes
  2020 | D:3      | Reached XP level 5. HP: 47/47 MP: 5/5
  2677 | D:4      | Found a sand-covered staircase.
  2869 | Ossuary  | Entered an ossuary
  2929 | Ossuary  | Reached skill level 5 in Fighting
  2929 | Ossuary  | Reached XP level 6. HP: 46/56 MP: 6/6
  2941 | Ossuary  | Reached skill level 5 in Axes
  2963 | Ossuary  | Reached skill level 5 in Armour
  2963 | Ossuary  | Reached skill level 5 in Shields
  3047 | Ossuary  | Reached XP level 7. HP: 61/61 MP: 7/7
  3065 | Ossuary  | Reached skill level 6 in Axes
  3634 | D:4      | Reached skill level 7 in Axes
  3807 | D:4      | You fall into a shaft and drop 1 floor!
  3807 | D:5      | Entered Level 5 of the Dungeon
  4471 | D:4      | Reached XP level 8. HP: 33/68 MP: 8/8
  4743 | D:5      | Found a shimmering blue altar of Sif Muna.
  4743 | D:5      | Found a hide-covered altar of Uskayaw.
  4743 | D:5      | Found an iron altar of Okawaru.
  4784 | D:5      | Noticed a two-headed ogre
  4792 | D:5      | HP: 2/68 [two-headed ogre (13)]
  4796 | D:5      | Mangled by a two-headed ogre

Illustrated notes

Levels and vault maps discovered:
D:1:      giann_forest_graveyard, layout_loops_ring,
          hellmonk_ecumenical_altar_lost_god, minmay_fountain_box
D:2:      layout_basic
D:3:      layout_loops_corners, serial_shops, nicolae_shop_trees
D:4:      layout_layer_cave, enter_ossuary_3
D:5:      kennysheep_big_flooded_room, layout_layer_cave,
          grunt_temple_overflow_cloverleaf

Skill      XL: |  1  2  3  4  5  6  7 |
---------------+----------------------+-----
Axes           | 3 4 5 7 |  7.3
Fighting       | 4 5 |  5.0
Armour         | 4 5 |  5.0
Shields        | 4 5 6 |  6.7

Action                   |  1- 3 |  4- 6 |  7- 9 || total
-------------------------+-------+-------+-------++-------
Melee: War axe           |   120 |   115 |   122 ||   357
Throw: Dart              |       |     2 |     5 ||     7
  Use: Scroll            |     6 |     1 |     4 ||    11
Armor: Scale mail        |    46 |       |       ||    46
       Plate armour      |    27 |   128 |   108 ||   263
Dodge: Dodged            |    25 |    24 |    31 ||    80
Block: Kite shield       |    76 |    84 |    93 ||   253
